 Dungeon Crawl Stone Soup version 0.17.1-1-g73c8601 (webtiles) character file.

366 JustSomeDude the Insei (level 6, 0/72 HPs)
             Began as a Demonspawn Monk on Dec 23, 2015.
             Slain by a gnoll
             ... wielding a +0 halberd
              (6 damage)
             ... on level 5 of the Dungeon.
             The game lasted 00:09:58 (3705 turns).

JustSomeDude the Insei (Demonspawn Monk)            Turns: 3705, Time: 00:09:58

Health: 0/72       AC: 20    Str: 11      XL:     6   Next: 40%
Magic:  6/6        EV:  2    Int: 12      God:
Gold:   175        SH:  0    Dex: 14 (17) Spells: 0 memorised, 5 levels left

rFire  . . .     SeeInvis .     n - +1 whip (flame)
rCold  . . .     Clarity  .     (armour currently unavailable)
rNeg   + + +     SustAt   .     (no shield)
rPois  +         Gourm    .     (helmet currently unavailable)
rElec  .         Spirit   .     (cloak currently unavailable)
rCorr  .         Warding  .     (gloves currently unavailable)
rMut   .         NoTele   +     (boots currently unavailable)
MR     .....                    (no amulet)
Stlth  +++.......               (no ring)
                                s - -3 ring of protection (curse)

@: tree-form (expiring), very slightly contaminated, hasted (expiring), very
quick, not resistant to hostile enchantments, fairly stealthy
A: (hooves 0), (large bone plates 0), (fire resistance 0), flame cloud immunity
a: no special abilities


You were on level 5 of the Dungeon.
You were not hungry.
You were a tree.
You visited 1 branch of the dungeon, and saw 5 of its levels.

You collected 175 gold pieces.

Inventory:

Hand Weapons
 n - a +1 whip of flaming (weapon)
Armour
 a - a +0 robe
 d - a +1 leather armour of fire resistance
 e - a +3 ring mail of cold resistance (melded)
 o - a +0 pair of boots (melded)
Magical Staves
 q - an uncursed staff of cold {unknown}
Jewellery
 s - a cursed -3 ring of protection (left branch)
Scrolls
 c - 3 scrolls of identify
 h - a scroll of amnesia
 l - a scroll of recharging
Comestibles
 b - a bread ration
 p - a royal jelly


   Skills:
 + Level 3.8 Fighting
 + Level 1.5 Maces & Flails
 + Level 2.1 Armour
 + Level 4.2 Dodging
 + Level 3.2 Stealth
 + Level 4.2 Unarmed Combat


You had 5 spell levels left.
You didn't know any spells.

Dungeon Overview and Level Annotations

Branches:
Dungeon (5/15)
 Temple: D:4-7

Altars:
Elyvilon
Makhleb
Okawaru
Qazlal
Yredelemnul

Shops:
D:4 =


Innate Abilities, Weirdness & Mutations

((You have large cloven feet.))
((You are partially covered in large bone plates (AC +2, SH +2).))
((Your flesh is heat resistant.))
You are immune to clouds of flame.


Message History

You cannot move.
You cannot move.
You cannot move.
You cannot move.
The gnoll hits you but does no damage. The gnoll hits you but does no damage.
A gnoll is nearby!
The gnoll hits you but does no damage. The gnoll hits you but does no damage.
Your transformation is almost over.
The gnoll barely misses you. The gnoll barely misses you.
The gnoll hits you but does no damage.
The gnoll hits you from afar with a halberd!
* * * LOW HITPOINT WARNING * * *
The gnoll hits you but does no damage. The gnoll completely misses you.
Your extra speed is starting to run out.
The gnoll hits you from afar with a halberd.
You die...

###### ##....##
##.[....##
##........##
...........###
.............#
......$.g###.#
.........)♣..#######
.......####........#
....... ###..###..
.. ....... ##..# ...
....K..
##.#######...
....g.. #..).......#
...K.>.
####.......##
....... #.........
#.......##


You could see a gnoll.

Vanquished Creatures
  A big kobold (D:5)
  A scorpion (D:4)
  A hound (D:4)
  A worker ant (D:4)
  8 gnolls
  5 adders
  A shadow imp (D:5)
  An ooze (D:2)
  2 worms
  4 giant geckos
  2 orcs (D:4)
  3 bats
  6 giant cockroaches
  5 goblins
  5 hobgoblins
  2 quokkas (D:3)
  A giant gecko skeleton (D:4)
  8 giant newts
  6 kobolds
  6 rats
69 creatures vanquished.

Notes
Turn   | Place    | Note
--------------------------------------------------------------
     0 | D:1      | JustSomeDude the Demonspawn Monk began the quest for the Orb.
     0 | D:1      | Reached XP level 1. HP: 18/18 MP: 1/1
   396 | D:1      | Gained mutation: You are partially covered in large bone plates (AC +2, SH +2). [demonic ancestry]
   396 | D:1      | Reached XP level 2. HP: 21/24 MP: 2/2
  1061 | D:2      | Reached XP level 3. HP: 29/29 MP: 3/3
  1136 | D:2      | Reached skill level 4 in Unarmed Combat
  1348 | D:2      | Found an iron altar of Okawaru.
  1351 | D:2      | Found a burning altar of Makhleb.
  1575 | D:2      | Reached skill level 1 in Armour
  2163 | D:3      | Gained mutation: Your flesh is heat resistant. [demonic ancestry]
  2163 | D:3      | Reached XP level 4. HP: 35/35 MP: 4/4
  2174 | D:3      | Found a stormy altar of Qazlal.
  2695 | D:4      | Found Ecwoebuw's Jewellery Boutique.
  2750 | D:4      | Gained mutation: You have large cloven feet. [demonic ancestry]
  2750 | D:4      | Reached XP level 5. HP: 25/41 MP: 5/5
  3143 | D:4      | Reached skill level 1 in Maces & Flails
  3441 | D:5      | Entered Level 5 of the Dungeon
  3469 | D:5      | Found a basalt altar of Yredelemnul.
  3536 | D:5      | Found a white marble altar of Elyvilon.
  3566 | D:5      | Gained mutation: You are immune to clouds of flame. [demonic ancestry]
  3566 | D:5      | Reached XP level 6. HP: 38/47 MP: 6/6
  3705 | D:5      | Slain by a gnoll

Action                   |  1- 3 |  4- 6 || total
-------------------------+-------+-------++-------
Melee: Unarmed           |   184 |    18 ||   202
       Whip              |       |   139 ||   139
  Use: Potion            |     2 |     6 ||     8
       Scroll            |       |     9 ||     9
 Stab: Sleeping          |     4 |     6 ||    10
       Distracted        |     2 |       ||     2
  Eat: Chunk             |     2 |     2 ||     4
       Bread ration      |     1 |     1 ||     2
